 Dungeon Crawl Stone Soup version 0.29.1-2-gbd0b4ee654 (webtiles) character file.

Game seed: 9862977725262397626

49 DildoBatman the Conjurer (level 4, 0/30 HPs)
             Began as a Formicid Conjurer on Nov 11, 2022.
             Slain by an orc
             ... wielding a +0 hand axe
              (1 damage)
             ... on level 4 of the Dungeon.
             The game lasted 00:03:47 (1601 turns).

DildoBatman the Conjurer (Formicid Conjurer)        Turns: 1601, Time: 00:03:47

Health: 0/30       AC:  2    Str: 12    XL:     4   Next: 2%
Magic:  7/7        EV: 12    Int: 17    God:
Gold:   102        SH:  0    Dex: 14    Spells: 4/7 levels left

rFire   . . .      SeeInvis +   m - +2 broad axe (freeze)
rCold   . . .      Faith    .   (no shield)
rNeg    . . .      Spirit   .   a - +0 robe
rPois   .          Reflect  .   (helmet unavailable)
rElec   .          Harm     .   (no cloak)
rCorr   .          Rampage  .   (no gloves)
Will    .....                   (no boots)
Stlth   ++........              (no amulet)
HPRegen 0.10/turn               (no ring)
MPRegen 0.10/turn               (no ring)

@: no status effects
A: permanent stasis, dig shafts and tunnels, antennae 3, four strong arms
a: Dig, Shaft Self


You were on level 4 of the Dungeon.
You visited 1 branch of the dungeon, and saw 3 of its levels.

You collected 102 gold pieces.

Inventory:

Hand Weapons
 f - a +0 club
 i - a +0 dagger
 m - a +2 broad axe of freezing (weapon)
Missiles
 c - 32 stones (quivered)
 k - 4 poisoned darts
Armour
 a - a +0 robe (worn)
 n - a +0 buckler
Scrolls
 d - a scroll of fear {unknown}
 h - a scroll of poison {unknown}
 j - a scroll of butterflies {unknown}
 o - a scroll of enchant armour {unknown}
 p - a scroll of identify {unknown}
Potions
 b - a potion of magic
 e - a potion of curing {unknown}
 g - a potion of might {unknown}
 l - a potion of brilliance {unknown}


   Skills:
 - Level 1.7 Dodging
 - Level 2.4 Stealth
 * Level 1.3 Shields
 - Level 2.1 Spellcasting
 * Level 4.7 Conjurations


You had 4 spell levels left.
You knew the following spells:

 Your Spells              Type           Power      Damage    Failure   Level
a - Searing Ray           Conj           34%        2d5       4%          2
c - Magic Dart            Conj           68%        1d6       2%          1

Your spell library contained the following spells:

 Spells                   Type           Power      Damage    Failure   Level
 Dazzling Flash           Conj/Hex       18%        N/A       22%         3
 Fulminant Prism          Conj/Hex       4%         3d6       58%         4
 Iskenderun's Mystic Bla  Conj/Tloc      9%         2d4       58%         4


Dungeon Overview and Level Annotations

Branches:
Dungeon (2/15)

Altars:

Annotations:
D:2 exclusions: scorpion and 1 more exclusion


Innate Abilities, Weirdness & Mutations

You cannot be hasted, slowed, berserked, paralysed or teleported.
You can dig through walls and to a lower floor.
You have a pair of large antennae on your head. (SInv)
Your four strong arms can wield two-handed weapons with a shield.


Message History

Anything else - Cancel.
You shout for attention!
The orc misses you. The goblin closely misses you.
What are your orders? t - Shout!
Orders for allies: a - Attack new target. r - Retreat! s - Stop attacking. g - Guard the area. f - Follow me.
Anything else - Cancel.
You shout for attention!
The orc hits you but does no damage. The goblin hits you with a +0 club.
What are your orders? t - Shout!
Orders for allies: a - Attack new target. r - Retreat! s - Stop attacking. g - Guard the area. f - Follow me.
Anything else - Cancel.
You shout for attention!
The goblin closely misses you. The orc hits you with a +0 hand axe.
What are your orders? t - Shout!
Orders for allies: a - Attack new target. r - Retreat! s - Stop attacking. g - Guard the area. f - Follow me.
Anything else - Cancel.
You shout for attention!
The orc hits you with a +0 hand axe! The goblin closely misses you.
What are your orders? t - Shout!
Orders for allies: a - Attack new target. r - Retreat! s - Stop attacking. g - Guard the area. f - Follow me.
Anything else - Cancel.
You shout for attention!
The orc hits you with a +0 hand axe.
You die...

##..............#
#...........##...#
##..........# ####
#...........##
#...........#.
#...#...........
##..>.......#...
...####..............
.......@g.........#..
........o.........#..
.....#............#
#... #....<.......#
##. #...........# #
##..........
#......... ##.......


You could see an orc and a goblin.

Vanquished Creatures
  2 worms (D:2)
  A dart slug (D:2)
  5 ball pythons
  3 endoplasms
  3 giant cockroaches (D:2)
  3 goblins
  3 hobgoblins
  2 jackals (D:1)
  5 kobolds
  2 quokkas (D:2)
  4 bats
  4 frilled lizards
  2 rats (D:1)
39 creatures vanquished.

Vanquished Creatures (others)
  A plant (D:1)
1 creature vanquished.

Grand Total: 40 creatures vanquished

Notes
Turn   | Place    | Note
-------+----------+-------------------------------------------
     0 | D:1      | DildoBatman the Formicid Conjurer began the quest for the
                  | Orb.
     0 | D:1      | Reached XP level 1. HP: 13/13 MP: 3/3
   281 | D:1      | Reached XP level 2. HP: 16/19 MP: 0/5
   284 | D:1      | Reached skill level 4 in Conjurations
   320 | D:1      | Learned a level 2 spell: Searing Ray
   705 | D:1      | Found a faded altar of an unknown god.
   791 | D:1      | Reached XP level 3. HP: 24/24 MP: 2/6
  1314 | D:2      | Noticed a scorpion
  1391 | D:2      | Reached skill level 1 in Shields
  1556 | D:2      | Reached XP level 4. HP: 30/30 MP: 4/7
  1558 | D:2      | You fall into a shaft and drop 2 floors!
  1600 | D:4      | HP: 1/30 [orc/+0 hand axe (7)]
  1601 | D:4      | Slain by an orc

Illustrated notes

Levels and vault maps discovered:
D:1:      reono_arrival_mine, layout_loops_ring,
          chequers_ecumenical_altar_lobes, serial_bayou, serial_bayou_lagoon_a,
          serial_bayou_pond_c, serial_bayou_pond_a, serial_bayou_crossing
D:2:      layout_loops_corners, minmay_fractal_squares_gapless_5
D:4:      layout_cave_pools, kennysheep_ying_yang, nicolae_tso_carved_into_rock,
          saegor_snake_ambush, uniq_duvessa

Skill      XL: |  1  2  3 |
---------------+----------+-----
Conjurations   | 4 |  4.7
Shields        | 1 |  1.3
Dodging        | |  1.7
Stealth        | |  2.4
Spellcasting   | |  2.1

Action                   |  1- 3 |  4- 6 || total
-------------------------+-------+-------++-------
Melee: Club              |    15 |       ||    15
       Unarmed           |     2 |       ||     2
       Dagger            |     8 |       ||     8
       Broad axe         |    17 |       ||    17
Throw: Stone             |     2 |       ||     2
 Cast: Magic Dart        |    40 |       ||    40
       Searing Ray       |     7 |       ||     7
 Abil: Shaft Self        |       |     1 ||     1
 Stab: Sleeping          |     2 |       ||     2
Armor: Robe              |     8 |     8 ||    16
Dodge: Dodged            |    44 |    17 ||    61
